Map: Kairos Junction LE

Players

PashkaRuBeer

  • Race: Protoss Protoss
  • Spawn Location: 11:00

A.I. 1 (Very Easy) - Winner!

  • Race: Protoss Protoss
  • Spawn Location: 5:00

VOD

Have the link to the VOD?

Description

Time

  • Played on: July 6, 2019, 7:33 p.m.
  • Length: 4:15
Show
View Real Time Build Order
Export as new Build Order

PashkaRuBeer Protoss 

Build Orders:  

Get SALT Encoding   

  12  0:00  Probe  
  13  0:13  Probe  
  14  0:17  Pylon  
  14  0:25  Probe  
  15  0:37  Probe  
  15  0:38  Gateway  
  16  0:49  Probe  
  17  0:50  Assimilator  
  17  0:58  Assimilator  
  17  1:01  Probe  
  18  1:12  Gateway  
  18  1:13  Probe  
  19  1:25  Probe  
  20  1:27  Cybernetics Core  
  20  1:37  Probe  
  20  1:39  Pylon  
  21  1:49  Probe  
  22  1:54  Adept x2  
  22  2:01  Probe  
  22  2:02  Warp Gate  
  27  2:15  Pylon  
  27  2:24  Stalker, Sentry  
  31  2:34  Probe  
  32  2:53  Nexus  
  32  2:55  Probe  
  33  3:07  Probe  
  33  3:09  Robotics Facility  
  34  3:19  Probe, Pylon  
  35  3:31  Probe  
  35  3:32  Gateway  
  36  3:40  Gateway  
  36  3:43  Probe  
  37  3:55  Probe  
  37  4:00  Probe  
  39  4:03  Probe  
  41  4:15  Twilight Council  
Show
View Real Time Build Order
Export as new Build Order

A.I. 1 (Very Easy) Protoss - Winner!

Build Orders:  

Get SALT Encoding   

  12  0:00  Probe  
  13  0:13  Probe  
  14  0:20  Pylon  
  14  0:36  Assimilator  
  14  0:43  Gateway  
  14  0:46  Pylon  
  14  1:13  Assimilator  
  14  1:17  Probe  
  14  1:25  Probe  
  15  1:32  Cybernetics Core  
  16  1:33  Probe  
  17  1:43  Probe  
  18  1:55  Probe  
  18  1:59  Warp Gate  
  19  2:03  Probe  
  20  2:10  Stalker  
Tags
 
Matchup
PvP
Spawn Locations
Cross Positions
Add a new tag
Caveats
  • Supply blocks, unpowered buildings, or Contaminate may cause inaccurate times.
  • Supply counts are checked every 10 seconds.